 Dungeon Crawl Stone Soup version 0.24-a0-157-g36218c0 (webtiles) character file.

Game seed: 4068183828270992819

40 Kurtz the Ruffian (level 3, 0/29 HPs)
             Began as a Mummy Chaos Knight on Mar 4, 2019.
             Was a Plaything of Xom.
             Slain by a kobold
             ... wielding a cursed -2 short sword
              (4 damage)
             ... on level 1 of the Dungeon.
             The game lasted 00:00:54 (1113 turns).

Kurtz the Ruffian (Mummy Chaos Knight)              Turns: 1113, Time: 00:00:55

Health: 0/29       AC:  5    Str: 15      XL:     3   Next: 30%
Magic:  3/3        EV: 11    Int: 10 (11) God:    Xom [......]
Gold:   61         SH:  0    Dex: 12      Spells: 2/2 levels left

rFire    x . .     SeeInvis .     - Unarmed
rCold    + . .     Gourm    .   (no shield)
rNeg     + + +     Faith    .   a - +2 leather armour
rPois    ∞         Spirit   .   (no helmet)
rElec    .         Reflect  .   (no cloak)
rCorr    .         Harm     .   (no gloves)
MR       +....                  (no boots)
Stlth    +.........             c - amulet of the acrobat
HPRegen  0.09/turn              b - ring of protection from magic
MPRegen  0.08/turn              (no ring)

@: no status effects
A: no food or potions, fire vulnerability, cold resistance 1, negative energy
resistance 3, torment resistance, unbreathing
a: Renounce Religion


You were on level 1 of the Dungeon.
You worshipped Xom.
You were a very special plaything of Xom.
You were not hungry.

You visited 1 branch of the dungeon, and saw 3 of its levels.

You collected 61 gold pieces.

Inventory:

Armour
 a - a +2 leather armour (worn)
Jewellery
 b - a ring of protection from magic (left hand)
 c - an amulet of the acrobat (around neck)


   Skills:
 - Level 3.0 Fighting
 - Level 1.5 Armour
 - Level 0.7 Dodging
 * Level 3.6 Unarmed Combat


You had 2 spell levels left.
You didn't know any spells.
Your spell library was empty.

Dungeon Overview and Level Annotations

Branches:
Dungeon (3/15)

Altars:


Innate Abilities, Weirdness & Mutations

You do not eat or drink.
Your flesh is vulnerable to fire.
You are immune to poison.
Your flesh is cold resistant. (rC+)
You are immune to negative energy. (rN+++)
You are immune to unholy pain and torment.
You can survive without breathing.


Message History

The leopard gecko bites you but does no damage.
You barely miss the leopard gecko. The leopard gecko closely misses you.
You hit the leopard gecko.
You kill the leopard gecko!
Your leather armour prevents you from hitting the kobold.
You punch the kobold.
The kobold is severely wounded.
The kobold hits you with a cursed -2 short sword.
* * * LOW HITPOINT WARNING * * *
You barely miss the kobold.
The kobold is severely wounded.
The kobold barely misses you.
You closely miss the kobold.
The kobold is severely wounded.
The kobold hits you but does no damage.
You hit the kobold but do no damage.
The kobold is severely wounded.
The kobold hits you with a cursed -2 short sword.
You die... "I guess I need a new plaything now."

#.# ## #.# .?
#(# .## #.# ..
#.##### #.
#.....#
#.###.....###
#(@K.>.......
#####$.......
.......#....###
######. ....#
#+ ....# ......
....... .......
......$


You could see a kobold.

Vanquished Creatures
  2 adders
  An ooze (D:2)
  A dart slug (D:2)
  A leopard gecko (D:1)
  A giant cockroach (D:1)
  A goblin (D:2)
  3 hobgoblins
  2 bats (D:2)
  A frilled lizard (D:2)
  3 rats (D:2)
16 creatures vanquished.

Notes
Turn   | Place    | Note
-------+----------+-------------------------------------------
     0 | D:1      | Kurtz the Mummy Chaos Knight began the quest for the Orb.
     0 | D:1      | Reached XP level 1. HP: 18/18 MP: 1/1
   124 | D:2      | Reached XP level 2. HP: 11/24 MP: 2/2
   293 | D:2      | You fall through a shaft!
   320 | D:3      | XOM: mild Tloc miscast
   548 | D:3      | Noticed a hippogriff
   576 | D:3      | XOM: stat loss: -1 Int (10/11)
   585 | D:3      | XOM: noise
  1028 | D:2      | Reached XP level 3. HP: 29/29 MP: 3/3
  1113 | D:1      | Slain by a kobold

Levels and vault maps discovered:
D:1:      dpeg_arrival_orchard, layout_basic
D:2:      minmay_diamond_boxcup, layout_rooms, serial_forest,
          infiniplex_forest_lined_3, infiniplex_forest_clump_diagonal,
          infiniplex_forest_straight_4, infiniplex_forest_clump_cross,
          infiniplex_forest_lined_room_3, infiniplex_forest_lined_3,
          minmay_misc_feat_five
D:3:      layout_loops_ring, uniq_jessica

Skill      XL: |  1  2 |
---------------+-------+-----
Unarmed Combat | 3 |  3.6
Fighting       | |  3.0
Armour         | |  1.5
Dodging        | |  0.7

Action                   || total
-------------------------++-------
Melee: Unarmed           ||   117
       Punch             ||     2
Armor: Leather armour    ||    63
Dodge: Dodged            ||   119

Table legend:
 A = Non-vault XP
 B = Vault XP
 C = Vault XP percentage of total XP
 D = Non-vault monster count
 E = Vault monster count
 F = Vault count percentage of total count
                 A         B        C        D         E       F
            +---------+---------+-------+---------+---------+-------
      Total |      55 |       3 |   5.2 |      15 |       1 |   6.2
            +---------+---------+-------+---------+---------+-------
        D:1 |       6 |       3 |  33.3 |       3 |       1 |  25.0
        D:2 |      36 |       0 |   0.0 |      11 |       0 |   0.0
        D:3 |      13 |       0 |   0.0 |       1 |       0 |   0.0
            +---------+---------+-------+---------+---------+-------
